Map: Orbital Shipyard

Players

MorN - Winner!

  • Race: Terran Terran
  • League: Master

Apocalypse

  • Race: Protoss Protoss
  • League: Master

VOD

Have the link to the VOD?

Description

Time

  • Played on: Dec. 6, 2015, 1:49 a.m.
  • Length: 23:27
Show
View Real Time Build Order
Export as new Build Order

MorN Terran - Winner!

Build Orders: Cyclone Opening, MMM Bio 

Get SALT Encoding   

  12  0:00  SCV  
  13  0:12  SCV  
  14  0:17  Supply Depot  
  14  0:24  SCV  
  15  0:39  SCV  
  15  0:40  Barracks  
  16  0:46  Refinery  
  16  0:51  SCV  
  17  1:03  SCV  
  18  1:15  SCV  
  19  1:30  Marine  
  19  1:32  Orbital Command  
  20  1:39  Command Center  
  20  1:49  Factory  
  20  1:59  Supply Depot  
  20  2:00  SCV  
  21  2:04  Marine  
  22  2:12  SCV  
  23  2:22  Marine  
  24  2:26  SCV  
  25  2:34  Barracks  
  25  2:36  Factory Tech Lab  
  25  2:38  SCV  
  26  2:47  Refinery  
  26  2:50  SCV  
  27  2:52  Orbital Command  
  27  2:56  Cyclone  
  30  3:02  SCV  
  30  3:03  Marine  
  32  3:09  Refinery  
  32  3:15  SCV  
  32  3:17  Supply Depot, SCV  
  34  3:27  SCV  
  35  3:29  SCV  
  35  3:34  Marine  
  36  3:35  Factory Reactor, Barracks  
  36  3:39  SCV  
  38  3:41  SCV  
  38  3:42  Marine  
  38  3:47  Stimpack  
  40  3:51  SCV, Supply Depot  
  40  3:52  Marine  
  40  3:53  SCV  
  43  4:00  Marine  
  44  4:03  SCV  
  44  4:06  SCV  
  46  4:10  Engineering Bay  
  46  4:15  SCV  
  47  4:18  SCV  
  47  4:20  Starport  
  48  4:24  Factory Reactor  
  48  4:27  SCV  
  48  4:28  Barracks Tech Lab  
  48  4:30  SCV  
  50  4:36  Supply Depot  
  50  4:37  Terran Infantry Weapons Level 1  
  50  4:38  Command Center  
  50  4:39  SCV  
  50  4:42  SCV  
  50  4:44  Refinery  
  52  4:48  Marine x2  
  52  4:49  Marine  
  52  4:51  SCV  
  56  4:54  SCV  
  56  4:56  Barracks  
  56  4:58  Barracks  
  57  5:03  SCV  
  57  5:06  SCV  
  59  5:15  SCV, Medivac  
  59  5:17  Marine x4, Medivac  
  59  5:18  SCV  
  59  5:20  Supply Depot  
  59  5:21  Refinery  
  66  5:37  Marine  
  66  5:38  Marauder, Marine  
  70  5:43  SCV x2  
  70  5:46  Marauder  
  70  5:47  Barracks Tech Lab  
  70  5:48  Barracks Reactor  
  74  5:50  Combat Shields  
  74  5:51  Orbital Command  
  74  5:59  SCV x2  
  74  6:00  Marauder  
  78  6:04  Marine x2  
  78  6:10  Supply Depot  
  78  6:11  SCV x2  
  82  6:13  Marauder x2, Factory Reactor, Orbital Command  
  82  6:16  Supply Depot  
  86  6:23  SCV  
  87  6:31  Terran Infantry Armor Level 1  
  85  6:34  Marine  
  85  6:35  Marauder x2  
  90  6:40  SCV  
  90  6:42  SCV  
  90  6:45  Supply Depot  
  90  6:46  Marine x2  
  90  6:47  Marauder  
  96  6:48  Medivac x2  
  96  6:49  SCV  
  96  6:51  Supply Depot  
  96  6:52  SCV, Supply Depot, Widow Mine x2  
  106  6:56  Marauder  
  108  7:04  Marine  
  108  7:06  Marine  
  108  7:07  Marauder  
  108  7:08  Marauder  
  105  7:16  Marine x2  
  105  7:17  Marauder  
  105  7:21  Widow Mine  
  102  7:34  Marine x2  
  102  7:35  Marauder  
  83  7:47  Medivac x2  
  83  7:48  Marine x2  
  83  7:49  Marauder  
  82  7:58  Widow Mine x2  
  86  8:12  Marine x2  
  88  8:15  Supply Depot x2  
  88  8:16  Supply Depot  
  88  8:17  Engineering Bay  
  86  8:24  Marine x2  
  86  8:25  Marauder x3  
  90  8:32  Command Center  
  90  8:35  SCV  
  90  8:38  Marine x2  
  93  8:46  Marauder  
  95  9:01  Marine x2  
  95  9:02  Marauder  
  99  9:06  Orbital Command  
  97  9:11  Marine x2, Medivac x2  
  97  9:12  Marauder x2  
  107  9:27  Marine  
  107  9:28  Marauder, Marine  
  111  9:33  Marauder  
  111  9:34  SCV  
  111  9:35  SCV x2  
  108  9:49  Marine x2  
  108  9:50  Marauder x2  
  114  9:53  Marine x2  
  114  9:55  Marauder  
  117  10:06  Widow Mine x2  
  115  10:07  Medivac, Marine x2  
  115  10:11  Marauder  
  123  10:20  SCV x3  
  126  10:26  Armory  
  126  10:28  Marine x2  
  126  10:29  Marauder x2  
  126  10:32  SCV x3  
  126  10:35  Marine  
  134  10:36  Marauder  
  134  10:40  Widow Mine x2  
  141  10:44  SCV x2  
  141  10:45  Refinery  
  141  10:47  Refinery  
  142  11:00  Marine x2  
  142  11:01  Marauder x3  
  150  11:08  Widow Mine  
  151  11:11  Marine  
  151  11:12  Marine  
  151  11:13  Planetary Fortress  
  147  11:22  Marauder, Marine  
  147  11:24  Marauder, Marine x2  
  149  11:26  Starport  
  149  11:27  Terran Infantry Weapons Level 2  
  149  11:31  Marine  
  149  11:32  Marine  
  151  11:36  SCV x2  
  151  11:37  SCV  
  154  11:40  Marine  
  154  11:46  Supply Depot  
  155  11:47  Supply Depot  
  155  11:49  Marauder x2  
  155  11:52  SCV x4  
  162  12:04  SCV x2  
  164  12:20  Marine  
  152  12:32  Marine  
  152  12:33  Marauder  
  152  12:34  Marauder, Marine  
  152  12:36  Marine  
  152  12:37  Marine  
  139  12:45  Marine  
  139  12:50  Marine  
  120  12:52  Marine  
  120  12:54  Marine, Marauder  
  120  12:55  SCV x4, Marauder  
  120  12:56  Marauder  
  122  12:59  Fusion Core, Starport Tech Lab  
  122  13:03  Marine  
  123  13:07  SCV x4  
  123  13:08  Marine  
  123  13:09  Marine  
  123  13:12  Marine  
  129  13:16  Marauder x2  
  129  13:17  Marauder  
  129  13:18  Liberator x3  
  129  13:19  SCV x3  
  137  13:20  SCV, Barracks  
  137  13:23  Barracks  
  137  13:24  Barracks  
  137  13:31  SCV  
  147  13:46  Marine  
  143  13:53  Marauder x2, Marine x2  
  143  13:54  Marauder  
  135  14:01  Liberator x2  
  135  14:07  Widow Mine x2  
  135  14:13  Marine  
  135  14:15  Marauder x2  
  136  14:17  Marine x2  
  136  14:18  Marauder  
  136  14:19  Barracks Tech Lab x2  
  136  14:20  Barracks Reactor  
  136  14:23  Refinery  
  146  14:24  Refinery  
  146  14:28  Advanced Ballistics  
  144  14:36  Marauder x2  
  136  14:43  Orbital Command  
  136  14:45  Marine x2  
  139  14:46  Marine x2, Marauder x3  
  139  14:49  Medivac  
  143  14:53  Terran Vehicle Weapons Level 1  
  143  14:57  Marine  
  143  14:58  Marauder  
  144  15:12  Marine x3  
  144  15:13  Marauder x3  
  147  15:15  Marauder, Marine  
  147  15:19  Marauder  
  147  15:21  Marine x2  
  150  15:25  Medivac x2  
  156  15:29  Marine  
  156  15:34  Marauder  
  157  15:47  Liberator x2  
  154  15:55  Marine x2  
  154  15:56  Marauder  
  135  16:00  Marine x2  
  135  16:01  Marauder, Marine x3  
  135  16:02  Marauder x2  
  131  16:05  Widow Mine x2  
  131  16:06  Medivac  
  127  16:13  Marine x2  
  127  16:17  Marauder  
  127  16:18  Marine x2  
  131  16:19  Marine x2  
  131  16:20  Marauder  
  131  16:21  Terran Infantry Weapons Level 3, Terran Infantry Armor Level 2  
  131  16:22  Marine, Marauder  
  131  16:23  Marauder  
  142  16:31  Marine x2  
  144  16:36  Medivac  
  144  16:38  Marauder  
  139  16:42  Marine x2  
  139  16:43  Marauder  
  131  16:57  Marine x2  
  131  16:58  Marauder x2, Marine x2  
  136  17:10  Marine x2  
  136  17:11  Marauder  
  140  17:20  Marauder, Marine x2  
  140  17:21  Marine x2, Marauder x3  
  152  17:23  Liberator x2  
  152  17:30  Marine x2  
  152  17:32  Marauder  
  155  17:37  Marine x2  
  155  17:39  Widow Mine x2, Marine x2  
  155  17:42  Marauder x4  
  176  17:47  SCV x4  
  180  18:04  Command Center  
  180  18:39  SCV, Marine  
  180  18:41  Marine  
  180  18:45  Marauder x3, Marine x6  
  176  18:57  Marine  
  176  18:59  Liberator  
  176  19:00  Marauder  
  179  19:02  Marine  
  179  19:03  Marine x2  
  179  19:04  Marine x2  
  180  19:16  Marauder x2, Marine x3  
  190  19:20  Marine  
  190  19:21  Marauder, Marine x2  
  195  19:28  Marine x2  
  195  19:38  Medivac, Marine x3  
  199  19:54  Marauder x2  
  199  19:56  Medivac  
  199  20:05  Marine  
  200  20:10  Planetary Fortress  
  199  20:26  Medivac  
  181  20:39  Marine x2  
  181  20:40  Marine x2, Marauder x5  
  195  20:49  Marine  
  192  20:57  Missile Turret  
  192  21:00  Marine x2  
  192  21:01  Marauder x2  
  192  21:02  Marauder  
  190  21:06  Marine  
  190  21:07  Marine x2  
  190  21:08  Marauder x2  
  190  21:09  Marine  
  198  21:18  Marine  
  199  21:23  Marauder  
  163  21:36  Marine x2  
  163  21:37  Marine x2, Marauder  
  163  21:38  Marauder x2, Marine  
  151  21:45  Ghost Academy  
  151  21:52  Refinery, Medivac x2  
  151  21:53  Refinery  
  155  22:00  Marine  
  156  22:02  Marine x2  
  156  22:03  Marine, Marauder  
  156  22:04  Marauder, Marine  
  156  22:06  Marine x2  
  156  22:07  Marauder  
  168  22:08  Liberator  
  168  22:10  Marine  
  169  22:18  Marine  
  169  22:20  Marine  
  155  22:23  Marine x2  
  155  22:24  Marauder, Widow Mine x2  
  155  22:25  Marauder  
  155  22:26  Marauder  
  155  22:28  Marauder  
  172  22:31  Command Center  
  172  22:32  Command Center  
  172  22:40  Refinery  
  172  23:03  Marine x2  
  172  23:04  Marauder x3, Marine x2  
  172  23:05  Marauder  
Show
View Real Time Build Order
Export as new Build Order

Apocalypse Protoss 

Build Orders: 1 Gate Expand 

Get SALT Encoding   

  12  0:00  Probe (Chrono Boost)  
  13  0:11  Probe (Chrono Boost)  
  14  0:18  Pylon  
  14  0:22  Probe (Chrono Boost)  
  15  0:36  Probe (Chrono Boost)  
  15  0:37  Gateway  
  16  0:43  Assimilator  
  16  0:46  Probe (Chrono Boost)  
  17  0:57  Probe (Chrono Boost)  
  18  1:08  Probe (Chrono Boost)  
  20  1:18  Probe (Chrono Boost)  
  20  1:23  Nexus  
  20  1:29  Probe (Chrono Boost)  
  21  1:36  Cybernetics Core  
  21  1:40  Probe (Chrono Boost)  
  21  1:46  Pylon  
  22  1:50  Probe (Chrono Boost)  
  22  1:54  Assimilator  
  23  2:04  Probe (Chrono Boost)  
  24  2:12  Adept, Warp Gate  
  24  2:15  Mothership Core (Chrono Boost)  
  28  2:26  Forge  
  28  2:33  Probe (Chrono Boost)  
  28  2:35  Probe (Chrono Boost)  
  30  2:40  Adept  
  30  2:44  Probe (Chrono Boost)  
  33  2:46  Probe (Chrono Boost)  
  34  2:54  Probe (Chrono Boost)  
  34  2:55  Probe (Chrono Boost), Protoss Ground Armor Level 1 (Chrono Boost)  
  36  3:05  Probe x2  
  37  3:07  Adept  
  40  3:13  Robotics Facility  
  40  3:17  Probe  
  40  3:19  Probe  
  42  3:23  Pylon  
  42  3:28  Probe  
  43  3:34  Adept  
  43  3:36  Probe  
  43  3:39  Probe  
  47  3:43  Gateway x2  
  47  3:48  Probe  
  47  3:50  Probe  
  49  4:02  Twilight Council  
  49  4:03  Probe  
  49  4:04  Probe, Pylon  
  49  4:06  Assimilator  
  49  4:07  Assimilator  
  51  4:12  Warp Prism (Chrono Boost)  
  51  4:16  Probe  
  54  4:22  Probe  
  55  4:24  Sentry  
  55  4:27  Protoss Ground Armor Level 2, Pylon  
  57  4:35  Probe x2  
  59  4:43  Resonating Glaives (Chrono Boost), Observer (Chrono Boost)  
  60  4:50  Adept x2  
  64  5:00  Probe x2  
  64  5:03  Nexus, Pylon  
  66  5:09  Immortal  
  70  5:21  Probe x2, Pylon  
  72  5:34  Probe x2  
  74  5:45  Adept x2  
  74  5:46  Probe x2, Adept  
  82  5:54  Gateway x2, Immortal  
  86  5:57  Assimilator  
  86  6:02  Pylon  
  86  6:10  Pylon  
  86  6:14  Probe x2  
  86  6:16  Pylon  
  86  6:17  Sentry x3  
  86  6:18  Probe  
  94  6:20  Pylon  
  95  6:26  Probe x2, Protoss Ground Armor Level 3  
  95  6:29  Probe  
  98  6:35  Assimilator  
  98  6:37  Immortal  
  98  6:38  Probe x2  
  104  6:47  Pylon  
  104  6:48  Sentry x2  
  104  6:50  Stalker, Pylon  
  110  6:55  Probe  
  110  6:57  Probe x2  
  107  7:17  Adept x5  
  89  7:39  Adept x3  
  89  7:40  Adept x2  
  89  7:42  Mothership Core  
  97  7:48  Probe  
  97  7:49  Probe  
  97  7:58  Probe  
  97  8:00  Immortal  
  97  8:01  Probe  
  97  8:03  Probe  
  104  8:09  Probe  
  105  8:19  Probe  
  106  8:25  Stalker x5  
  106  8:26  Probe  
  116  8:27  Probe  
  116  8:31  Probe  
  116  8:33  Robotics Bay  
  119  8:36  Probe  
  119  8:37  Gateway  
  119  8:38  Gateway  
  119  8:39  Probe  
  121  8:43  Probe  
  121  8:47  Probe  
  122  8:51  Probe  
  124  9:04  Probe x2  
  113  9:12  Stalker  
  113  9:13  Stalker x4  
  121  9:17  Probe x2  
  121  9:20  Gravitic Drive  
  121  9:22  Disruptor  
  126  9:33  Gateway  
  126  9:34  Gateway  
  126  9:37  Pylon  
  126  9:38  Gateway, Pylon  
  126  9:48  Stalker x4  
  126  9:49  Stalker x3, Blink (Chrono Boost)  
  133  10:18  Adept x6  
  133  10:19  Adept  
  147  10:33  Probe x2  
  147  10:34  Probe  
  150  10:46  Robotics Facility  
  150  10:47  Robotics Facility  
  150  10:48  Zealot  
  150  10:49  Zealot x4  
  157  10:50  Zealot  
  150  11:26  Nexus  
  150  11:41  Pylon  
  150  11:43  Pylon  
  150  11:49  Charge  
  150  11:55  Pylon x2  
  150  11:56  Pylon  
  156  12:01  Disruptor x2 (Chrono Boost)  
  156  12:18  Adept x4  
  156  12:22  Zealot x2  
  149  12:32  Disruptor x2 (Chrono Boost)  
  133  12:37  Probe  
  94  13:03  Adept  
  94  13:04  Immortal x2 (Chrono Boost), Adept x7  
  118  13:28  Stalker  
  118  13:29  Stalker x2, Sentry x4  
  118  13:30  Sentry x3  
  138  13:38  Templar Archives  
  138  13:57  Adept x3  
  138  13:58  Adept x4  
  126  14:19  Stalker  
  126  14:20  Stalker x5  
  138  14:25  Probe  
  129  14:52  Probe x2  
  129  15:04  Nexus  
  129  15:05  Pylon  
  129  15:06  Pylon  
  129  15:25  Adept  
  129  15:26  Adept x9  
  149  15:30  Probe x2  
  143  16:08  Disruptor (Chrono Boost)  
  142  16:11  Psionic Storm  
  142  16:12  Disruptor (Chrono Boost)  
  142  16:18  Assimilator  
  145  16:21  High Templar  
  145  16:22  High Templar x3, Assimilator  
  153  16:30  Zealot x3, High Templar  
  153  16:31  Zealot  
  147  17:00  Stalker x6  
  155  17:30  Stalker x4  
  155  17:31  Stalker x3  
  160  17:39  Zealot  
  160  17:40  Zealot  
  139  17:51  High Templar  
  137  18:07  Mothership Core  
  139  18:24  Adept  
  139  18:25  High Templar  
  139  18:26  Zealot x2  
  136  18:53  Archon  
  133  19:02  Nexus  
  120  19:45  Pylon  
  120  19:47  Pylon  
  114  20:06  Immortal (Chrono Boost)  
  105  20:07  Observer (Chrono Boost)  
  90  20:32  Zealot x3  
  96  20:36  Assimilator  
  87  21:07  Pylon  
  87  21:10  Assimilator  
  87  21:15  High Templar  
  87  21:16  High Templar x2  
  37  21:42  Disruptor x2 (Chrono Boost)  
  43  21:54  Gateway  
  43  21:56  Gateway  
  43  21:57  Gateway  
  41  22:11  High Templar x2  
  42  22:28  Nexus  
  42  22:31  Zealot  
  44  22:45  Zealot  
  44  22:47  Zealot  
Tags
 
Add a new tag
Caveats
  • Supply blocks, unpowered buildings, or Contaminate may cause inaccurate times.
  • Supply counts are checked every 10 seconds.